 Dungeon Crawl Stone Soup version bcrawl-1.13-2-g5ca86534bc (webtiles) character file.

Game seed: 17214923989345384693

37 Chiseanne the Skirmisher (level 3, -2/28 HPs)
             Began as a Mummy Archaeologist on July 30, 2019.
             Slain by an orc
             ... wielding a +0 falchion
              (5 damage)
             ... on level 2 of the Dungeon.
             The game lasted 00:02:30 (911 turns).

Chiseanne the Skirmisher (Mummy Archaeologist)       Turns: 911, Time: 00:02:30

Health: -2/28      AC:  6    Str: 14    XL:     3   Next: 21%
Magic:  3/3        EV: 12    Int: 13    God:
Gold:   152        SH:  3    Dex: 11    Spells: 2/2 levels left

rFire    x . .     SeeInvis .   a - +0 spear
rCold    + . .     Gourm    .   h - +0 buckler
rNeg     + + +     Faith    .   b - +1 robe
rPois    ∞         Spirit   .   c - +1 hat
rElec    .         Reflect  .   (no cloak)
rCorr    .         Harm     .   (no gloves)
MR       .....     Clarity  +   d - +1 pair of boots
Stlth    ++........             (no amulet)
HPRegen  0.09/turn              (no ring)
MPRegen  0.08/turn              (no ring)

@: studying Long Blades
A: no food or potions, fire vulnerability, clarity, cold resistance 1, negative
energy resistance 3, torment resistance, unbreathing
a: no special abilities


You were on level 2 of the Dungeon.
You were not hungry.

You visited 1 branch of the dungeon, and saw 3 of its levels.

You collected 152 gold pieces.

Inventory:

Hand Weapons
 a - a +0 spear (weapon)
Missiles
 g - a stone (quivered)
 j - 126 poisoned needles
 l - 130 bolts
 n - 115 sling bullets
Armour
 b - a +1 robe (worn)
 c - a +1 hat (worn)
 d - a +1 pair of boots (worn)
 h - a +0 buckler (worn)
Scrolls
 m - a scroll of identify
Books
 e - a manual of Long Blades
Miscellaneous
 f - an ancient crate


   Skills:
 - Level 2.7 Fighting
 + Level 1.0 Long Blades
   Level 0.7 Maces & Flails
 - Level 2.4 Dodging
 - Level 2.6 Stealth
 - Level 0.6 Shields


You had 2 spell levels left.
You didn't know any spells.
Your spell library was empty.

Dungeon Overview and Level Annotations

Branches:
Dungeon (3/12)

Altars:
Cheibriados

Annotations:
D:2 Sigmund
D:3 Grinder


Innate Abilities, Weirdness & Mutations

You do not eat or drink.
Your flesh is vulnerable to fire.
You are immune to poison.
You possess an exceptional clarity of mind.
Your flesh is cold resistant. (rC+)
You are immune to negative energy. (rN+++)
You are immune to unholy pain and torment.
You can survive without breathing.


Message History

The orc hits you with a +0 falchion.
* * * LOW HITPOINT WARNING * * *
You hit the orc priest.
The orc priest is severely wounded.
The orc priest hits you with a +0 falchion.
* * * LOW HITPOINT WARNING * * *
The orc hits you but does no damage.
You barely miss the orc priest.
The orc priest is severely wounded.
The orc priest closely misses you. The orc hits you but does no damage.
Your shield prevents you from hitting the orc priest.
The orc priest is severely wounded.
The orc priest hits you with a +0 falchion.
* * * LOW HITPOINT WARNING * * *
The orc hits you with a +0 falchion.
* * * LOW HITPOINT WARNING * * *
You closely miss the orc priest.
The orc priest is severely wounded.
The orc priest barely misses you. The orc hits you with a +0 falchion.
You die...

###
#.#
#o#
#@#
#o#
#.#
#.#
#.#
#.#
#..
#..


You could see an orc priest and an orc.

Vanquished Creatures
  2 dart slugs (D:1)
  3 leopard geckos
  An orc (D:3)
  5 goblins (D:1)
  4 hobgoblins
  2 bats (D:1)
  5 frilled lizards (D:1)
  2 kobolds (D:1)
  6 rats (D:1)
30 creatures vanquished.

Notes
Turn   | Place    | Note
-------+----------+-------------------------------------------
     0 | D:1      | Chiseanne the Mummy Archaeologist began the quest for the
                  | Orb.
     0 | D:1      | Reached XP level 1. HP: 15/15 MP: 1/1
    78 | D:1      | Reached XP level 2. HP: 22/22 MP: 2/2
   712 | D:1      | Reached XP level 3. HP: 26/28 MP: 3/3
   856 | D:2      | Noticed Sigmund
   890 | D:3      | Reached skill level 1 in Long Blades
   897 | D:3      | Noticed Grinder
   900 | D:3      | Found a snail-covered altar of Cheibriados.
   911 | D:2      | Slain by an orc

Skill      XL: |  1  2  3 |
---------------+----------+-----
Fighting       | 2 |  2.7
Long Blades    | 1 |  1.0
Maces & Flails | |  0.7
Dodging        | |  2.4
Stealth        | |  2.6
Shields        | |  0.6

Action                   || total
-------------------------++-------
Melee: Spear             ||   113
       Whip              ||     3
  Use: Scroll            ||     4
 Stab: Sleeping          ||     4
Armor: Robe              ||    23
Dodge: Dodged            ||    49
Block: Buckler           ||     7
